 Dungeon Crawl Stone Soup version 0.27-a0-1200-g94dc6ad4cf (webtiles) character file.

Game seed: 1665086452970619449

71094 streetpizza the Grappler (level 14, -5/144 HPs)
             Began as a Troll Hunter on May 31, 2021.
             Was a High Priest of Okawaru.
             Splashed by an oklob plant's acid (13 damage)
             ... on level 4 of the Lair of Beasts.
             The game lasted 01:41:26 (20373 turns).

streetpizza the Grappler (Troll Hunter)            Turns: 20373, Time: 01:41:27

Health: -5/144     AC:  0    Str: 23    XL:     14   Next: 96%
Magic:  18/19      EV: 18    Int: 11    God:    Okawaru [*****.]
Gold:   2442       SH: 16    Dex: 18    Spells: 13/13 levels left

rFire    + + .     SeeInvis .     - Unarmed
rCold    + + .     Faith    .   P - +2 shield of Resistance {rF++ rC++ Will++}
rNeg     + . .     Spirit   .   F - +0 swamp dragon scales
rPois    +         Reflect  .   x - +2 hat
rElec    .         Harm     +   b - scarf {harm}
rCorr    .         Rampage  .   (gloves unavailable)
Will     +++..                  (boots unavailable)
Stlth    ++++......             T - amulet of regeneration
HPRegen  2.34/turn              L - ring of flight
MPRegen  0.16/turn              M - ring "Otoepimi" {*Corrode rN+ Int+4 Dex+4 Stlth+}

@: heroic, corroded, flying, studying Invocations
A: large, unfitting armour, claws 3, regeneration 1, shaggy fur 1, tough skin 1
a: Renounce Religion, Heroism, Finesse


You were on level 4 of the Lair of Beasts.
You worshipped Okawaru.
Okawaru was extremely pleased with you.
You visited 3 branches of the dungeon, and saw 21 of its levels.
You also visited: Bailey and Ice Cave.

You collected 2442 gold pieces.

Inventory:

Missiles
 c - 34 large rocks (quivered)
 d - 3 throwing nets
 u - 12 javelins
 C - 7 atropa-tipped darts
 D - 49 poisoned darts
 I - 10 curare-tipped darts
Armour
 b - a scarf of harm (worn)
 w - a scarf of shadows
 x - a +2 hat (worn)
 F - +0 swamp dragon scales (worn)
 P - the +2 shield of Resistance (worn) {rF++ rC++ Will++}
   (You took it off an orc warrior in a bailey)

   It greatly protects you from fire.
   It greatly protects you from cold.
   It greatly increases your willpower.
Jewellery
 G - a +4 ring of protection
 L - a ring of flight (left claw)
 M - the ring "Otoepimi" (right claw) {*Corrode rN+ Int+4 Dex+4 Stlth+}
   (You took it off a kobold in a bailey)

   [ring of positive energy]

   It affects your intelligence (+4).
   It affects your dexterity (+4).
   It protects you from negative energy.
   It may corrode you when you take damage.
   It makes you more stealthy.
 T - an amulet of regeneration (around neck)
Wands
 j - a wand of flame (68)
 v - a wand of polymorph (53)
 y - a wand of paralysis (5)
 z - a wand of acid (16)
 J - a wand of digging (17)
 O - a wand of mindburst (29)
Scrolls
 f - a scroll of enchant weapon
 g - 2 scrolls of summoning {unknown}
 i - 2 scrolls of brand weapon {unknown}
 n - 2 scrolls of torment
 o - 6 scrolls of enchant armour
 q - 3 scrolls of identify
 r - 16 scrolls of teleportation
 s - a scroll of holy word
 A - 3 scrolls of blinking {unknown}
 B - 2 scrolls of immolation {unknown}
 H - 2 scrolls of vulnerability {unknown}
 Q - 2 scrolls of fear {unknown}
 U - 8 scrolls of amnesia
Potions
 a - 6 potions of might
 e - 2 potions of haste
 h - 2 potions of cancellation
 k - 5 potions of mutation
 l - 2 potions of heal wounds
 m - 2 potions of invisibility
 p - 9 potions of curing
 t - 11 potions of lignification
 E - a potion of attraction
 K - 4 potions of brilliance
 N - a potion of magic {unknown}
Miscellaneous
 V - a box of beasts
 Z - a phantom mirror


   Skills:
 + Level 10.7(15.7) Fighting
 - Level 8.4(13.4) Throwing
 + Level 10.7(15.7) Dodging
 - Level 0.3(5.3) Stealth
 - Level 9.0(14.0) Shields
 + Level 12.3(17.3) Unarmed Combat
 - Level 9.0 Invocations
 + Level 2.7 Evocations


You had 13 spell levels left.
You didn't know any spells.
Your spell library contained the following spells:

 Spells                   Type           Power      Damage    Failure   Level
 Animate Skeleton         Necr           0%         N/A       47%         1
 Apportation              Tloc           0%         N/A       47%         1
 Beastly Appendage        Tmut           0%         N/A       47%         1
 Corona                   Hex            0%         N/A       47%         1
 Freeze                   Ice            0%         1d3       47%         1
 Pain                     Necr           0%         1d4       47%         1
 Summon Small Mammal      Summ           0%         N/A       47%         1
 Call Imp                 Summ           0%         N/A       63%         2
 Corpse Rot               Necr/Air       N/A        N/A       63%         2
 Wereblood                Tmut           0%         N/A       63%         2
 Call Canine Familiar     Summ           0%         N/A       85%         3
 Confusing Touch          Hex            0%         N/A       85%         3
 Frozen Ramparts          Ice            0%         1d2       85%         3
 Gell's Gravitas          Tloc           0%         N/A       85%         3
 Ignite Poison            Fire/Tmut/Pois 0%         N/A       85%         3
 Lesser Beckoning         Tloc           0%         N/A       85%         3
 Ozocubu's Armour         Ice            0%         N/A       85%         3
 Spider Form              Tmut/Pois      0%         N/A       85%         3
 Summon Guardian Golem    Hex/Summ       0%         N/A       85%         3
 Tukima's Dance           Hex            0%         N/A       85%         3
 Vampiric Draining        Necr           0%         2d6       85%         3
 Animate Dead             Necr           0%         N/A       99%         4
 Hailstorm                Conj/Ice       0%         3d3       99%         4
 Ice Form                 Ice/Tmut       0%         N/A       99%         4
 Petrify                  Tmut/Erth      0%         N/A       99%         4
 Summon Ice Beast         Ice/Summ       0%         N/A       99%         4
 Summon Lightning Spire   Summ/Air       0%         N/A       99%         4
 Agony                    Necr           0%         N/A       100%        5
 Alistair's Intoxication  Tmut/Pois      0%         N/A       100%        5
 Bolt of Magma            Conj/Fire/Erth 0%         4d4       100%        5
 Hydra Form               Tmut           0%         N/A       100%        5
 Irradiate                Conj/Tmut      0%         3d13      100%        5
 Iskenderun's Battlesphe  Conj           0%         2d6       100%        5
 Metabolic Englaciation   Hex/Ice        0%         N/A       100%        5
 Yara's Violent Unravell  Hex/Tmut       0%         3d3       100%        5
 Blade Hands              Tmut           0%         N/A       100%        6
 Invisibility             Hex            0%         N/A       100%        6
 Iron Shot                Conj/Erth      0%         9d1       100%        6
 Starburst                Conj/Fire      0%         8x6d3     100%        6
 Statue Form              Tmut/Erth      0%         N/A       100%        6
 Dragon Form              Tmut           0%         N/A       100%        7
 Orb of Destruction       Conj           0%         N/A       100%        7
 Spellforged Servitor     Conj/Summ      0%         N/A       100%        7
 Tornado                  Air            0%         N/A       100%        9


Dungeon Overview and Level Annotations

Branches:
Dungeon (15/15)            Temple (1/1) D:5            Lair (5/6) D:10
 Shoals (0/4) Lair:4       Spider (0/4) Lair:4          Orc (0/2) D:10
 Vaults (0/5) D:14         Depths (0/5) D:15         Bailey (visited)
  IceCv (visited)
  Slime: Lair:5-6

Altars:
Ashenzari
Cheibriados
Dithmenos
Elyvilon
Fedhas
Gozag
Hepliaklqana
Kikubaaqudgha
Makhleb
Nemelex Xobeh
Okawaru
Qazlal
Ru
Sif Muna
Trog
Uskayaw
Vehumet
Wu Jian
Xom
Yredelemnul
Zin
The Shining One

Shops:
D:6 (

Annotations:
D:4 Purgy
D:6 zarzak's ghost, novice DgFi
Lair:4 exclusion: 3 oklob plants


Innate Abilities, Weirdness & Mutations

You are too large for most types of armour.
You have claws for hands.
Your natural rate of healing is unusually fast.
You are covered in fur. (AC +1)
You have tough skin. (AC +1)


Message History

The splash of acid hits you! The acid corrodes you!
You are splashed with acid.
Marking area around an oklob plant as unsafe for travelling.
Found a piece from Xom's chessboard (15/15).
An oklob plant comes into view.
Marking area around an oklob plant as unsafe for travelling.
Found a runed spear.
You gain the combat prowess of a mighty hero.
The oklob plant spits acid at you. The splash of acid hits you!
You are splashed with acid!
You mangle the oklob plant!!
The oklob plant is severely damaged.
You mangle the oklob plant!!
You destroy the oklob plant!
Okawaru accepts your kill. The oklob plant spits acid at you.
The splash of acid hits you.
You are splashed with acid!!
The oklob plant spits acid at you. The splash of acid hits you!
The acid corrodes you!
You are splashed with acid!
The oklob plant spits acid at you. You block the splash of acid.
The oklob plant spits acid at you. You block the splash of acid.
You mangle the oklob plant!!
The oklob plant is heavily damaged.
You scratch the oklob plant.
The oklob plant is heavily damaged.
The oklob plant spits acid at you. The splash of acid hits you!
The acid corrodes you!
You are splashed with acid!
* * * LOW HITPOINT WARNING * * *
The oklob plant spits acid at you. The splash of acid misses you.
As you read the scroll labelled RYKHEDWERORPH, it crumbles to dust.
Your body is wracked with pain!
* * * LOW HITPOINT WARNING * * *
It was a scroll of torment.
The oklob plant spits acid at you. The splash of acid hits you!
* * * LOW HITPOINT WARNING * * *
The acid corrodes you!
You are splashed with acid!
You die...

............#
...........###
.............#
P............#######
.............P:.P..#
..............)...$#
..............[P..!#
...............$..}#
................@P)#
.............#.#####
............#.##
.............##
............##
#..........##
###........#
..##.......##
...#........#


You could see 3 oklob plants.

Vanquished Creatures
  Azrael (D:13)
  Snorg (Lair:3)
  Fannar (D:11)
  5 boulder beetles
  A catoblepas (Lair:4)
  Erolcha (D:13)
  8 centaur warriors
  8 hydras
  6 two-headed ogres
  2 death yaks (Lair:5)
  A tengu warrior (D:15)
  Urug (D:11)
  Nergalle (Lair:4)
  2 skeletal warriors (D:13)
  2 necromancers
  An orb spider (Lair:4)
  A wizard (D:14)
  A wolf spider (D:15)
  2 deep elf pyromancers (D:14)
  2 orc knights
  4 cyclopes
  An oklob plant (Lair:4)
  5 ugly things
  An elephant (shapeshifter) (D:15)
  A salamander (D:15)
  An elephant (D:10)
  2 manticores
  4 ice statues (IceCv)
  5 black mambas
  A torpor snail (Lair:5)
  Maggie (D:6)
  7 cane toads
  2 rime drakes
  3 tengu conjurers (D:15)
  A freezing wraith (D:14)
  A komodo dragon (Lair:3)
  7 ice devils (IceCv)
  An unseen horror (D:12)
  A troll (shapeshifter) (D:13)
  7 trolls
  4 polar bears
  4 blink frogs (Lair:4)
  Prince Ribbit (D:7)
  12 slime creatures
  The ghost of pcat the Conjurer, an amateur DECj (D:5)
  Sigmund (D:2)
  A shadow (D:11)
  A vampire (D:11)
  40 yaks
  2 wyverns
  3 humans (D:8)
  Eustachio (D:5)
  4 fire bats (D:14)
  A basilisk (Lair:4)
  4 fire elementals (D:13)
  13 vampire mosquitoes
  A warg (D:15)
  Menkaure (D:6)
  Edmund (D:5)
  5 hell hounds
  12 orc warriors
  3 black bears
  5 water moccasins
  5 ice beasts
  A sky beast (D:5)
  2 elephant zombies (Lair:3)
  An ogre (D:5)
  10 wolves
  26 centaurs
  4 kobold brigands
  2 phantoms
  A komodo dragon zombie (Lair:3)
  Blork the orc (D:6)
  2 gnoll sergeants
  10 bullfrogs
  2 scorpions
  A water moccasin zombie (D:5)
  A wyvern skeleton (D:5)
  A water moccasin skeleton (D:7)
  8 killer bees (D:9)
  9 wights
  3 howler monkeys
  4 electric eels
  4 centaur zombies
  3 lava snakes
  3 bullfrog zombies
  A draconian simulacrum (IceCv)
  2 hounds
  2 wyvern simulacra (D:6)
  A basilisk zombie (Lair:3)
  2 bullfrog skeletons
  6 orc priests
  2 water moccasin simulacra (D:6)
  3 centaur skeletons
  An iguana (D:3)
  Terence (D:2)
  10 orc wizards
  Ijyb (D:4)
  Natasha (thrice) (D:3)
  3 troll simulacra (IceCv)
  A killer bee zombie (D:8)
  2 centaur simulacra (IceCv)
  2 hound skeletons
  A howler monkey zombie (D:8)
  9 gnolls
  A howler monkey skeleton (D:7)
  3 naga simulacra (IceCv)
  An ogre simulacrum (IceCv)
  5 adders
  4 white imps
  A worm (D:4)
  2 dart slugs
  32 orcs
  4 endoplasms
  3 giant cockroaches
  7 hobgoblins
  8 jackals
  35 kobolds
  A quokka (D:1)
  4 ball pythons
  6 bats
  4 frilled lizards
  10 goblins
  A jackal zombie (D:3)
  5 rats
  A fire vortex (D:14)
520 creatures vanquished.

Vanquished Creatures (others)
  4 fungi
  17 plants
21 creatures vanquished.

Grand Total: 541 creatures vanquished

Notes
Turn   | Place    | Note
-------+----------+-------------------------------------------
     0 | D:1      | streetpizza the Troll Hunter began the quest for the Orb.
     0 | D:1      | Reached XP level 1. HP: 19/19 MP: 0/0
   123 | D:1      | Reached XP level 2. HP: 28/28 MP: 1/1
   346 | D:1      | Reached skill level 1 in Unarmed Combat
   778 | D:2      | Reached XP level 3. HP: 34/35 MP: 2/2
   966 | D:2      | Noticed Terence
   979 | D:2      | Killed Terence
  1048 | D:2      | Noticed Sigmund
  1055 | D:2      | Killed Sigmund
  1056 | D:2      | Reached skill level 2 in Unarmed Combat
  1056 | D:2      | Reached XP level 4. HP: 9/44 MP: 3/3
  1056 | D:2      | Reached XP level 5. HP: 11/50 MP: 4/4
  1896 | D:3      | Found a sacrificial altar of Ru.
  2100 | D:3      | Found a glowing golden altar of the Shining One.
  2102 | D:3      | Found an opulent altar of Gozag.
  2111 | D:3      | Found a transporter.
  2119 | D:3      | Found a transporter.
  2127 | D:3      | Reached XP level 6. HP: 59/59 MP: 5/5
  2387 | D:3      | Noticed Natasha
  2410 | D:3      | Killed Natasha
  2647 | D:3      | HP: 3/61 [hound skeleton (4)]
  2777 | D:3      | Noticed Natasha
  2793 | D:3      | Killed Natasha
  2794 | D:3      | Reached skill level 3 in Unarmed Combat
  3014 | D:3      | Noticed Natasha
  3022 | D:3      | Killed Natasha
  3081 | D:4      | Noticed Purgy
  3352 | D:4      | Noticed Ijyb
  3378 | D:4      | Killed Ijyb
  3433 | D:4      | Identified the +3 hunting sling "Qodohac" {vorpal, rPois
                  | Dex-4 SInv}
  3708 | D:5      | Entered Level 5 of the Dungeon
  3709 | D:5      | Found a staircase to the Ecumenical Temple.
  3720 | Temple   | Entered the Ecumenical Temple
  3852 | Temple   | Became a worshipper of Warmaster Okawaru
  3966 | D:5      | Noticed a sky beast
  3976 | D:5      | Reached skill level 5 in Throwing
  3976 | D:5      | Reached XP level 7. HP: 48/67 MP: 6/6
  4014 | D:5      | Noticed Eustachio
  4061 | D:5      | Killed Eustachio
  4062 | D:5      | Reached skill level 4 in Unarmed Combat
  4110 | D:5      | Found a shimmering altar of Xom.
  4110 | D:5      | Found a glowing silver altar of Zin.
  4110 | D:5      | Noticed an angel
  4134 | D:5      | Reached * piety under Okawaru
  4267 | D:5      | Found a runed translucent gate.
  4267 | D:5      | Found a runed translucent gate.
  4269 | D:5      | Found a runed translucent gate.
  4271 | D:5      | Noticed pcat's ghost (amateur DECj)
  4403 | D:5      | Reached XP level 8. HP: 45/78 MP: 7/7
  4812 | D:5      | Noticed Edmund
  4820 | D:5      | Killed Edmund
  5130 | D:5      | Killed pcat's ghost
  5131 | D:5      | Reached skill level 5 in Unarmed Combat
  5225 | D:6      | Reached ** piety under Okawaru
  5272 | D:6      | Reached skill level 5 in Dodging
  5322 | D:6      | Noticed zarzak's ghost (novice DgFi)
  5322 | D:6      | Noticed Maggie
  5336 | D:6      | Noticed Blork the orc
  5338 | D:6      | HP: 2/66 [Maggie/+1 morningstar of draining (2)]
  5341 | D:6      | Killed Maggie
  5342 | D:6      | Reached skill level 5 in Fighting
  5342 | D:6      | Reached XP level 9. HP: 6/87 MP: 5/8
  5418 | D:6      | Killed Blork the orc
  5457 | D:6      | Reached skill level 6 in Unarmed Combat
  5585 | D:6      | Found a runed translucent gate.
  5585 | D:6      | Found a runed translucent gate.
  5586 | D:6      | Found a runed translucent gate.
  5675 | D:6      | Noticed Menkaure
  5681 | D:6      | Killed Menkaure
  5804 | D:6      | Found Lialeloo's Weapon Emporium.
  5823 | D:6      | Reached *** piety under Okawaru
  6350 | D:7      | Received a gift from Okawaru
  6624 | D:7      | Reached skill level 7 in Unarmed Combat
  6674 | D:7      | Noticed Prince Ribbit
  6689 | D:7      | Killed Prince Ribbit
  6865 | D:7      | Found a broken altar of Ashenzari.
  6877 | D:7      | Reached XP level 10. HP: 98/98 MP: 9/9
  7240 | D:8      | Reached **** piety under Okawaru
  7416 | D:8      | Received a gift from Okawaru
  7712 | D:8      | Noticed a two-headed ogre
  7728 | D:8      | Killed a two-headed ogre
  7969 | D:9      | Found a flagged portal.
  7978 | Bailey   | Entered a bailey
  8001 | Bailey   | Identified the ring "Otoepimi" {*Corrode rN+ Int+4 Dex+4
                  | Stlth+}
  8079 | Bailey   | Noticed an orc knight
  8121 | Bailey   | Killed an orc knight
  8243 | Bailey   | Reached skill level 8 in Unarmed Combat
  8563 | D:9      | Reached skill level 1 in Shields
  8564 | D:9      | Reached ***** piety under Okawaru
  8817 | D:9      | Found a stormy altar of Qazlal.
  8817 | D:9      | Found an ornate altar of the Wu Jian Council.
  9084 | D:9      | Reached XP level 11. HP: 108/109 MP: 10/10
  9386 | D:10     | Entered Level 10 of the Dungeon
  9615 | D:10     | Found a hazy altar of Hepliaklqana.
  9681 | D:10     | Found a staircase to the Orcish Mines.
  9682 | D:10     | Found a staircase to the Lair.
  9696 | D:10     | Reached skill level 5 in Shields
  9697 | D:10     | Received a gift from Okawaru
 10167 | D:11     | Received a gift from Okawaru
 10185 | D:11     | Noticed Fannar
 10238 | D:11     | Noticed Urug
 10255 | D:11     | Killed Urug
 10478 | D:11     | Noticed an eight-headed hydra
 10562 | D:11     | Killed Fannar
 10562 | D:11     | Received a gift from Okawaru
 10562 | D:11     | Received a gift from Okawaru
 10839 | D:11     | Noticed a seven-headed hydra
 10911 | D:11     | Killed a seven-headed hydra
 11027 | D:11     | Killed an eight-headed hydra
 11027 | D:11     | Received a gift from Okawaru
 11027 | D:11     | Reached ****** piety under Okawaru
 11028 | D:11     | Reached skill level 1 in Invocations
 11028 | D:11     | Reached XP level 12. HP: 90/118 MP: 11/11
 11256 | D:12     | Noticed a boulder beetle
 11292 | D:12     | Killed a boulder beetle
 11292 | D:12     | Received a gift from Okawaru
 11494 | D:12     | Noticed a boulder beetle
 11530 | D:12     | Killed a boulder beetle
 11731 | D:12     | Noticed a two-headed ogre
 11740 | D:12     | Killed a two-headed ogre
 11741 | D:12     | Reached skill level 9 in Unarmed Combat
 12231 | D:13     | Noticed a centaur warrior
 12241 | D:13     | Killed a centaur warrior
 12383 | D:13     | Noticed a centaur warrior
 12480 | D:13     | Noticed a centaur warrior
 12489 | D:13     | Killed a centaur warrior
 12531 | D:13     | Noticed a centaur warrior
 12553 | D:13     | Killed a centaur warrior
 12553 | D:13     | Received a gift from Okawaru
 12578 | D:13     | Noticed Erolcha
 12722 | D:13     | Noticed a centaur warrior
 12730 | D:13     | Killed a centaur warrior
 12868 | D:13     | Reached XP level 13. HP: 79/128 MP: 15/15
 12940 | D:13     | Reached skill level 5 in Invocations
 12979 | D:13     | Found a shadowy altar of Dithmenos.
 13146 | D:13     | Reached skill level 10 in Unarmed Combat
 13241 | D:13     | Killed Erolcha
 13416 | D:13     | Noticed Azrael
 13443 | D:13     | Killed Azrael
 13757 | D:14     | Found a gate to the Vaults.
 13777 | D:14     | Received a gift from Okawaru
 13862 | D:14     | Found a frozen archway.
 13884 | IceCv    | Entered an ice cave
 14539 | D:13     | Identified a scroll of acquirement
 14539 | D:13     | Acquired a manual of Invocations
 15115 | D:14     | Reached skill level 11 in Unarmed Combat
 15444 | D:14     | Identified the Reference Book on Torrid Weightlessness
 15553 | D:15     | Entered Level 15 of the Dungeon
 15588 | D:15     | Found a staircase to the Depths.
 15602 | D:15     | Received a gift from Okawaru
 15687 | D:15     | Reached XP level 14. HP: 136/141 MP: 18/18
 16530 | D:15     | Reached skill level 10 in Fighting
 16530 | D:15     | Reached skill level 10 in Dodging
 16898 | Lair:1   | Entered Level 1 of the Lair of Beasts
 17283 | Lair:1   | Received a gift from Okawaru
 17998 | Lair:2   | Identified the +1 robe of Okawaru's Pride {rN+ Int-2 Dex+2}
 18024 | Lair:2   | Received a gift from Okawaru
 18133 | Lair:2   | Acquired 1043 gold pieces
 18666 | Lair:3   | Noticed Snorg
 18686 | Lair:3   | Killed Snorg
 18727 | Lair:3   | Reached skill level 1 in Evocations
 18893 | Lair:3   | You are sucked into a shaft and drop 2 floors!
 18902 | Lair:5   | Reached skill level 12 in Unarmed Combat
 19442 | Lair:4   | Found a hole to the Spider Nest.
 20022 | Lair:4   | Noticed Nergalle
 20032 | Lair:4   | Killed Nergalle
 20093 | Lair:4   | Found a staircase to the Shoals.
 20373 | Lair:4   | Splashed by an oklob plant's acid

Illustrated notes

Levels and vault maps discovered:
D:1:      dpeg_arrival_simpleton_c, layout_basic
D:2:      layout_basic, uniq_sigmund, uniq_terence
D:3:      layout_basic, lemuel_doored_altar, gammafunk_temple_overflow_arena,
          minmay_cupped, uniq_natasha
D:4:      layout_cave_pools, uniq_ijyb, uniq_purgy
D:5:      layout_loops_corners, grunt_temple_overflow_order_and_chaos_1,
          minmay_temple_entry_glass, gammafunk_ghost_necromancy, uniq_edmund,
          uniq_crazy_yiuf_cottage, uniq_eustachio
D:6:      layout_rooms, serial_shops, nicolae_shop_stone, gammafunk_ghost_icy,
          uniq_blork_the_orc, uniq_menkaure, uniq_maggie
D:7:      layout_basic, lemuel_tele_altar, uniq_prince_ribbit1
D:8:      layout_loops_corners, minmay_ruffians
D:9:      layout_irregular_city, amethyst_overflow_temple_binary, enter_bailey_8
D:10:     layout_roguey, general_overflow_altar, david_lair_generic
D:11:     layout_roguey, nrook_uturn, uniq_urug, uniq_fannar
D:12:     layout_roguey, serial_curves, eino_curves_03, eino_curves_02,
          lightli_fourway_metalbox
D:13:     layout_stronghold, nicolae_dithmenos_the_darkroom, uniq_erolcha,
          uniq_azrael
D:14:     layout_loops_ring, david_vaults_1, nicolae_two_hexagons,
          portal_ice_cave_entry_pillars_2, hangedman_incinerator
D:15:     hangedman_depths_entry_try_elsewhere_first, layout_stronghold,
          grunt_decor_one_mirror
Temple:   nicolae_temple_figure_eight
Lair:1:   layout_gridlike, chequers_serial_rivers_micro_a, serial_bayou_pond_a,
          grunt_megastairs_1
Lair:2:   layout_gridlike, ldierk_geyser, minmay_hedge_maze
Lair:3:   pond_and_an_island_with_a_cottage, layout_gridlike,
          nicolae_quartered_pool_super, uniq_snorg
Lair:4:   layout_hall_layers, elwin_shoals_entry_rocks,
          nicolae_spider_entry_orb_guardian, minmay_lair_oklob_chamber,
          serial_bayou_shore_a, grunt_megastairs_2, uniq_nergalle
Lair:5:   nzn_motion_control, layout_long_grid

Skill      XL: |  1  2  3  4  5  6  7  8  9 10 11 12 13 14 |
---------------+-------------------------------------------+-----
Unarmed Combat | 1 2 3 4 5 7 8 9 11 12 | 12.3
Fighting       | 2 3 4 5 6 7 8 9 10 | 10.7
Dodging        | 2 3 4 5 6 7 8 9 10 | 10.7
Throwing       | 4 5 6 7 8 |  8.4
Shields        | 3 9 |  9.0
Invocations    | 1 4 7 9 |  9.0
Evocations     | 2 |  2.7
Stealth        | |  0.3

Action                   |  1- 3 |  4- 6 |  7- 9 | 10-12 | 13-15 || total
-------------------------+-------+-------+-------+-------+-------++-------
Melee: Unarmed           |    72 |   167 |   326 |   844 |   830 ||  2239
       Punch             |       |     2 |    10 |     5 |       ||    17
Throw: Dart              |       |       |     3 |     5 |     4 ||    12
       Large rock        |       |       |       |    13 |    34 ||    47
Invok: Heroism           |       |       |     2 |    20 |    19 ||    41
Evoke: Wand              |       |       |       |       |     2 ||     2
  Use: Potion            |       |       |     1 |       |     2 ||     3
       Scroll            |       |       |       |     4 |    18 ||    22
 Stab: Sleeping          |       |     1 |     2 |       |     6 ||     9
       Distracted        |       |     1 |       |       |       ||     1
Armor: Robe              |    24 |    53 |    64 |       |       ||   141
       Skin              |       |     2 |       |       |       ||     2
       Swamp dragon scal |       |       |    51 |   271 |   158 ||   480
Dodge: Dodged            |    38 |   103 |   169 |   349 |   300 ||   959
       Repelled          |       |       |       |       |     3 ||     3
Block: Kite shield       |       |       |       |   433 |   473 ||   906

Table legend: (Time is in decaauts)
 A = Elapsed time spent in this place.
 B = Non-inter-level travel time spent in this place.
 C = Inter-level travel time spent in this place.
 D = Time resting spent in this place.
 E = Time spent auto-exploring this place.
 F = Levels seen in this place.
 G = Mean time per level.
                   A        B        C        D        E       F      G
               +--------+--------+--------+--------+--------+-----+--------+
         Total |  20094 |  18626 |   1468 |    352 |  12816 |  23 |  873.7 |
       Dungeon |  15441 |  14066 |   1375 |    240 |   9829 |  15 | 1029.4 |
        Temple |    221 |    196 |     25 |      0 |    190 |   1 |  221.0 |
          Lair |   3407 |   3340 |     67 |      8 |   2529 |   5 |  681.4 |
        Bailey |    466 |    466 |      0 |     26 |    107 |   1 |  466.0 |
      Ice Cave |    558 |    558 |      0 |     78 |    161 |   1 |  558.0 |
               +--------+--------+--------+--------+--------+-----+--------+

Top non-repeatable levels by time:
    D:13: 1481 daAuts
     D:5: 1400 daAuts
     D:3: 1365 daAuts
    D:14: 1277 daAuts
    D:15: 1142 daAuts
     D:2: 1054 daAuts
    D:11: 1043 daAuts
  Lair:4: 1024 daAuts
     D:9: 1002 daAuts
    D:12: 1002 daAuts
     D:8: 968 daAuts
     D:6: 937 daAuts
    D:10: 846 daAuts
  Lair:2: 821 daAuts
  Lair:3: 774 daAuts
